 Dungeon Crawl Stone Soup version 0.31-a0-358-gac0dbeb3ab (webtiles) character file.

Game seed: 13113226745754187232

50 Gelion the Changeling (level 3, 33/33 HPs)
             Began as a Troll Shapeshifter on July 26, 2023.
             Quit the game on level 2 of the Dungeon.
             The game lasted 00:02:06 (1285 turns).

Gelion the Changeling (Troll Shapeshifter)          Turns: 1285, Time: 00:02:06

Health: 33/33      AC:  4    Str: 25    XL:     3   Next: 55%
Magic:  2/2        EV:  9    Int:  4    God:
Gold:   111        SH:  0    Dex: 10    Spells: 2/2 levels left

rFire   . .          .
                       - Unarmed
rCold   . . .        (no shield)
rNeg    . . .        a - +0 animal skin
rPois   .            (helmet currently unavailable)
rElec   .            (cloak currently unavailable)
rCorr   .            (gloves unavailable)
SInv    .            (boots unavailable)
Will    .....        (no amulet)
Stlth   +            (no ring)
HPRegen 1.05/turn    (no ring)
MPRegen 0.08/turn

%: no passive effects
@: beast-form
A: beast (slay +2), large, unfitting armour, claws 3, regeneration 1, shaggy fur
1, tough skin 1
a: Begin Untransformation


You were on level 2 of the Dungeon.
You were a hulking beast.
You visited 1 branch of the dungeon, and saw 2 of its levels.

You collected 111 gold pieces.

Inventory:

Armour
 a - a +0 animal skin (worn)
Jewellery
 j - a +6 ring of intelligence
Talismans
 c - a beast talisman
Scrolls
 e - 3 scrolls of identify {unknown}
 f - a scroll of teleportation {unknown}
 g - a scroll of butterflies {unknown}
 h - a scroll of vulnerability {unknown}
 i - a scroll of torment {unknown}
Potions
 b - 3 potions of lignification
 d - a potion of brilliance {unknown}


   Skills:
 + Level 1.5 Fighting
 - Level 1.5 Dodging
 + Level 3.4 Unarmed Combat
 * Level 3.6 Shapeshifting


You had 2 spell levels left.
You didn't know any spells.
Your spell library contained the following spells:

 Spells                   Type           Power      Damage    Failure   Level
 Iskenderun's Battlesphe  Conj           0%         2d6       100%        5
 Leda's Unmaking          Conj/Erth      0%         9d1       100%        6
 Spellforged Servitor     Conj/Summ      0%         N/A       100%        7


Dungeon Overview and Level Annotations

Branches:
Dungeon (2/15)

Altars:


Innate Abilities, Weirdness & Mutations

You are a hulking beast.
Your limbs bulge with bestial killing power. (Slay +2)
You are too large for most types of armour.
You have claws for hands.
Your natural rate of healing is unusually fast.
You are covered in fur. (AC +1)
You have tough skin. (AC +1)


Message History

A worm is nearby!
Found a sling.
The worm bites you but does no damage.
You barely miss the worm. You claw the worm!
The worm is severely wounded.
The worm bites you.
You claw the worm!
You kill the worm!
No target in view!
e - 3 scrolls labelled DOH INLIWAETH (gained 1)
You now have 100 gold pieces (gained 6).
You open the door.
There is an open door here.
There is an open door here.
You see here 3 stones.
You see here a staff of conjuration.
You see here 3 stones.
i - a scroll labelled IFFAUB KEIPPUMP
Found a stone staircase leading down.
j - a +6 ring of intelligence You now have 111 gold pieces (gained 11).
There is a stone staircase leading down here.
There is a stone staircase leading down here.
A hobgoblin comes into view.
A hobgoblin is nearby!
A hobgoblin is nearby!
The hobgoblin shouts!
You claw the hobgoblin!
You kill the hobgoblin!
No target in view!
No target in view!
You open the door.
There is an open door here.
You open the door.
Found a stone staircase leading up.
There is an open door here.
Done exploring.
Done exploring.
Are you sure you want to abandon this character and quit the game? (Confirm with "yes".)

#.............##
#.............##
#.............##
#.............##
#.............##
#.............##
#.............##
#########.............##
#<.....h'.............##
#########.............##
#.............##
#.............##
#.............##
################
#......... #.........
#.........


There were no monsters in sight!

Vanquished Creatures
  2 adders (D:2)
  A worm (D:2)
  A dart slug (D:1)
  2 ball pythons
  2 bats
  2 endoplasms
  2 goblins (D:1)
  3 hobgoblins
  3 quokkas
  A frilled lizard (D:2)
  3 kobolds (D:1)
  4 rats
26 creatures vanquished.

Notes
Turn   | Place    | Note
-------+----------+-------------------------------------------
     0 | D:1      | Gelion the Troll Shapeshifter began the quest for the Orb.
     0 | D:1      | Reached XP level 1. HP: 18/18 MP: 0/0
   158 | D:1      | Reached skill level 1 in Fighting
   315 | D:1      | Reached XP level 2. HP: 27/27 MP: 1/1
   704 | D:2      | Reached XP level 3. HP: 33/33 MP: 2/2
  1285 | D:2      | Quit the game

Illustrated notes

Levels and vault maps discovered:
D:1:      dpeg_arrival_pond, layout_basic, minmay_misc_feat_roman
D:2:      layout_basic

Skill      XL: |  1 |
---------------+----+-----
Fighting       | 1 |  1.5
Dodging        | |  1.5
Unarmed Combat | |  3.4
Shapeshifting  | |  3.6

Action                     || total
---------------------------++-------
  Melee: Unarmed           ||    67
   Stab: Sleeping          ||     1
 Armour: Animal skin       ||    28
  Dodge: Dodged            ||    26

Table legend: (Time is in decaauts)
 A = Elapsed time spent in this place.
 B = Non-inter-level travel time spent in this place.
 C = Inter-level travel time spent in this place.
 D = Time resting spent in this place.
 E = Time spent auto-exploring this place.
 F = Levels seen in this place.
 G = Mean time per level.
                   A        B        C        D        E       F      G
               +--------+--------+--------+--------+--------+-----+--------+
         Total |   1280 |   1241 |     39 |      0 |   1077 |   2 |  640.0 |
       Dungeon |   1280 |   1241 |     39 |      0 |   1077 |   2 |  640.0 |
               +--------+--------+--------+--------+--------+-----+--------+

Top non-repeatable levels by time:
     D:1: 651 daAuts
     D:2: 629 daAuts
